 Dungeon Crawl Stone Soup version 0.15.0-12-gccce430 (webtiles) character file.

97 RobertPalmer the Poker (level 5, 0/38 HPs)
             Began as a Human Death Knight on Sept 1, 2014.
             Was a Believer of Yredelemnul.
             Succumbed to a kobold's poison
             ... on Level 3 of the Dungeon.
             The game lasted 00:04:34 (2558 turns).

RobertPalmer the Poker (Human Death Knight)         Turns: 2558, Time: 00:04:35

HP   0/38        AC  5     Str 14      XL: 5   Next:  0%
MP   8/8         EV 10     Int 11      God: Yredelemnul [**....]
Gold 86          SH  0     Dex 13      Spells:  0 memorised,  4 levels left

rFire  + . .     SeeInvis .     a - +1 spear
rCold  + . .     Clarity  .     g - +2 leather armour {rF+}
rNeg   . . .     rCorr    .     (no shield)
rPois  .         rRot     .     (no helmet)
rElec  .         Spirit   .     (no cloak)
SustAb .         Warding  .     (no gloves)
rMut   .         Stasis   .     (no boots)
Gourm  .                        (no amulet)
MR     +....                    f - ring of protection from magic
                                d - ring of protection from cold

@: lethally poisoned, somewhat resistant to hostile enchantments, very
unstealthy
A: no striking features
a: Animate Remains, Recall Undead Slaves, Injury Mirror, Renounce Religion


You were on level 3 of the Dungeon.
You worshipped Yredelemnul.
Yredelemnul was pleased with you.
You were near starving.

You visited 1 branch of the dungeon, and saw 3 of its levels.

You collected 86 gold pieces.


   Skills:
 - Level 2.0 Fighting
 + Level 4.7 Polearms
 - Level 1.0 Armour
 - Level 1.0 Dodging
 - Level 3.0 Invocations


You had 4 spell levels left.
You didn't know any spells.

Inventory:

Hand weapons
 a - a +1 spear (weapon)
Armour
 g - a +2 leather armour of fire resistance (worn)
Comestibles
 c - 2 bread rations
 o - a meat ration
Scrolls
 e - a scroll of enchant armour {unknown}
 h - a scroll of blinking {unknown}
 n - 2 scrolls of noise {!r}
 q - 2 scrolls of identify {unknown}
Jewellery
 d - a ring of protection from cold (left hand)
 f - a ring of protection from magic (right hand)
 p - an uncursed amulet of resist corrosion {unknown}

Dungeon Overview and Level Annotations

Branches:
Dungeon (3/15)

Altars:
Okawaru

###### # #.........
# #.......... #
#..........+ . #
#..........# .# #
#.........?# .## #
#..........# .. +
#).........#
.####.# #
#....@.....##......
#
#.....)...........#
#
#.?.(.......#.###.#
#....(((........#.#
#########+#.#.#.#.#
#.#...#.#
#.#####.####
#...........
#######.####


There were no monsters in sight!


Message History

You feel sick.
* * * LOW HITPOINT WARNING * * *
You feel sick.
You see here a dented emerald amulet.
There is a lethal amount of poison in your body!
There is a lethal amount of poison in your body!
There is a lethal amount of poison in your body!
There is a lethal amount of poison in your body!
There is a lethal amount of poison in your body!
There is a lethal amount of poison in your body!
There is a lethal amount of poison in your body!
There is a lethal amount of poison in your body!
There is a lethal amount of poison in your body!
There is a lethal amount of poison in your body!
* * * LOW HITPOINT WARNING * * *
You feel sick.
* * * LOW HITPOINT WARNING * * *
You feel sick.
* * * LOW HITPOINT WARNING * * *
You feel sick.
* * * LOW HITPOINT WARNING * * *
You feel sick.
* * * LOW HITPOINT WARNING * * *
You feel sick.
* * * LOW HITPOINT WARNING * * *
You feel sick.
* * * LOW HITPOINT WARNING * * *
You feel sick.
You die...
Your body rises from the dead as a mindless zombie.

Action                   |  1- 3 |  4- 6 || total
-------------------------+-------+-------++-------
Melee: Spear             |   100 |    91 ||   191
Invok: Animate Remains   |     7 |     3 ||    10
  Use: Scroll            |     2 |       ||     2
       Potion            |     1 |     5 ||     6
 Stab: Invisible         |       |     1 ||     1
  Eat: Chunk             |     1 |     2 ||     3
       Pizza             |       |     1 ||     1

Vault maps used:
D:1:      dpeg_arrival_simpleton_b
D:2:      okawaru_altar_gauntlet_db, first_bread
D:3:      zin_angel

Notes
Turn   | Place    | Note
--------------------------------------------------------------
     0 | D:1      | RobertPalmer, the Human Death Knight, began the quest for the Orb.
     0 | D:1      | Reached XP level 1. HP: 16/16 MP: 2/2
   253 | D:1      | Reached XP level 2. HP: 20/22 MP: 3/3
   565 | D:2      | Reached skill level 3 in Polearms
   691 | D:2      | Reached XP level 3. HP: 19/27 MP: 5/5
   858 | D:2      | Acquired Yredelemnul's second power
  1046 | D:2      | Reached XP level 4. HP: 29/33 MP: 6/6
  1058 | D:2      | Reached skill level 4 in Polearms
  1596 | D:2      | Found an iron altar of Okawaru.
  2035 | D:3      | HP: 3/33 [poisoned by an adder]
  2042 | D:3      | HP: 2/33 [poisoned by an adder]
  2547 | D:3      | Reached XP level 5. HP: 16/38 MP: 8/8
  2555 | D:3      | HP: 2/38 [poisoned by a kobold]
  2558 | D:3      | Succumbed to a kobold's poison

Vanquished Creatures
  5 adders
  3 orcs
  A giant cockroach (D:2)
  7 goblins
  6 hobgoblins
  8 kobolds
  A quokka (D:2)
  4 bats (D:2)
  4 giant newts
  7 rats
46 creatures vanquished.

Vanquished Creatures (collateral kills)
  A worm (D:2)
  A giant cockroach (D:2)
  A hobgoblin (D:2)
  A bat (D:2)
4 creatures vanquished.

Vanquished Creatures (others)
  2 adder zombies (D:2)
  A goblin zombie (D:2)
  A hobgoblin zombie (D:2)
4 creatures vanquished.

Grand Total: 54 creatures vanquished
